 Dungeon Crawl Stone Soup version 0.23.2-40-g277498a001 (webtiles) character file.

Game seed: 6638512319749854687

21588 nxcturne the Blocker (level 12, 9/109 HPs)
             Began as a Deep Dwarf Fighter on Sept 2, 2019.
             Was a Believer of Qazlal.
             Got out of the dungeon alive.
             The game lasted 01:21:17 (10311 turns).

nxcturne the Blocker (Deep Dwarf Fighter)          Turns: 10311, Time: 01:21:17

Health: 9/109      AC: 11    Str: 23    XL:     12   Next: 55%
Magic:  0/0        EV: 14    Int: 16    God:    Qazlal [**....]
Gold:   374        SH: 25    Dex: 18    Spells: 11/11 levels left

rFire    . . .     SeeInvis .   p - +1 mace (protect)
rCold    . . .     Gourm    .   c - +2 shield
rNeg     . . .     Faith    .   b - +0 scale mail
rPois    .         Spirit   .   (helmet restricted)
rElec    .         Reflect  +   s - scarf {repulsion}
rCorr    .         Harm     .   g - +0 pair of gloves
MR       +....                  D - +0 pair of boots
Stlth    +.........             y - +6 amulet of reflection
HPRegen  0.00/turn              j - +6 ring of dexterity
MPRegen  0.07/turn              v - +5 ring of intelligence

@: non-regenerating, repel missiles
A: damage resistance, heal wounds, horns 1, sense surroundings 2, no
regeneration
a: Heal Wounds, Upheaval, Renounce Religion


You escaped.
You worshipped Qazlal.
Qazlal was pleased with you.
You were hungry.

You visited 2 branches of the dungeon, and saw 12 of its levels.

You collected 548 gold pieces.
You spent 174 gold pieces at shops.

Inventory:

Hand Weapons
 a - a +0 long sword
 e - a cursed +0 quarterstaff
 p - a +1 mace of protection (weapon)
 E - a +2 quarterstaff of chaos
Armour
 b - a +0 scale mail (worn)
 c - a +2 shield (worn)
 g - a +0 pair of gloves (worn)
 k - the +3 robe of Clouds {+Thunder rCloud rElec}
   (You found it on level 4 of the Dungeon)

   It insulates you from electricity.
 s - a scarf of repulsion (worn)
 D - a +0 pair of boots (worn)
Jewellery
 j - a +6 ring of dexterity (left hand)
 l - an uncursed ring of poison resistance {unknown}
 q - an uncursed ring of see invisible
 v - a +5 ring of intelligence (right hand)
 y - a +6 amulet of reflection (around neck)
 G - an uncursed ring of magical power
 H - an uncursed ring of magical power
 I - an uncursed ring of resist corrosion {unknown}
Wands
 n - a wand of clouds (4)
 t - a wand of iceblast (22)
 x - a wand of scattershot (6)
 B - a wand of enslavement (7)
 C - a wand of flame (1)
Scrolls
 d - 3 scrolls of enchant weapon
 h - 3 scrolls of teleportation
 i - 3 scrolls of noise
 r - a scroll of blinking
 u - a scroll of magic mapping
 w - 3 scrolls of remove curse
 A - 2 scrolls of identify
Potions
 m - a potion of agility
 z - 3 potions of degeneration
Miscellaneous
 o - a lightning rod (4/4)
Comestibles
 f - 20 rations


   Skills:
 + Level 7.3 Fighting
 + Level 4.3 Long Blades
 + Level 10.6 Maces & Flails
 + Level 9.6 Armour
 + Level 7.1 Dodging
 - Level 4.5 Stealth
 + Level 11.4 Shields
 + Level 4.1 Invocations
 + Level 3.5 Evocations


You had 11 spell levels left.
You didn't know any spells.
Your spell library contained the following spells:

 Spells                   Type           Power        Failure   Level  Hunger
 Corona                   Hex            #......      65%         1    ##.....
 Summon Small Mammal      Summ           #...         65%         1    ##.....
 Call Imp                 Summ           #.......     78%         2    ###....
 Ensorcelled Hibernation  Hex/Ice        #.....       78%         2    ###....
 Call Canine Familiar     Summ           #.......     95%         3    ####...
 Confuse                  Hex            #.......     95%         3    ####...
 Dazzling Spray           Conj/Hex       #.....       95%         3    ####...
 Summon Guardian Golem    Hex/Summ       #.......     95%         3    ####...
 Tukima's Dance           Hex            #.......     95%         3    ####...
 Summon Ice Beast         Ice/Summ       #.......     100%        4    #####..
 Summon Lightning Spire   Summ/Air       #.......     100%        4    #####..


Dungeon Overview and Level Annotations

Branches:
Dungeon (10/15)            Temple (0/1) D:5            Lair (2/6) D:8
    Orc (0/2) D:10
  Swamp: Lair:2-4    Shoals: Lair:2-4     Snake: Lair:2-4    Spider: Lair:2-4

Altars:
Fedhas
Qazlal
Jiyva

Shops:
D:7 }=*((

Annotations:
D:10 Fannar


Innate Abilities, Weirdness & Mutations

You are resistant to damage.
You can heal yourself by infusing magical energy.
You passively map the area around you.
You do not regenerate.
You have a pair of small horns on your head.


Message History

a large shield; a leather armour Done exploring.
You can't go up here!
Okay, then.
There is an open door here.
There is an open door here.
You see here a dagger.
There is a staircase leading out of the dungeon here.
Are you sure you want to leave the Dungeon?
This will make you lose the game! [Y]es or [N]o only, please.
Are you sure you want to leave the Dungeon?
This will make you lose the game! [Y]es or [N]o only, please.
Are you sure you want to leave the Dungeon?
This will make you lose the game!
Alright, then stay!
There is a staircase leading out of the dungeon here.
Are you sure you want to leave the Dungeon?
This will make you lose the game!
Alright, then stay!
There is a staircase leading out of the dungeon here.
Are you sure you want to leave the Dungeon?
This will make you lose the game!
You have escaped!

###.######.##.######
####### ##.##.#
###.....####.....#
##..........#####.#
##....###.........## ####
#...### ##....##...###...
#...#####.......##..#.#..
#....##.....##...#...##..
#######
##......@..####......##..
......# #........##
####..###.. #####.#
#.....#### ##.# #.. #.#
##..### #.###..
#.################
##...... #.....# #......#
#..##### #####.###.###
###.#### ##'##
............# ##.##
##...##
##..##..##..####...##
##.....##


There were no monsters in sight!

Vanquished Creatures
  A hydra (Lair:1)
  The ghost of Name63 the Thaumaturge, a novice GnWn of Okawaru (Lair:1)
  An unseen horror (D:9)
  A deep elf mage (D:7)
  2 black mambas (Lair:1)
  4 spiny frogs
  A kobold demonologist (D:10)
  2 komodo dragons (D:8)
  A tengu conjurer (D:10)
  A troll (D:9)
  2 hornets (D:10)
  Grinder (D:3)
  4 slime creatures (Lair:1)
  Prince Ribbit (D:8)
  2 hippogriffs
  A wraith (D:8)
  A wyvern (D:8)
  7 yaks (D:8)
  A hungry ghost (D:7)
  A water moccasin (Lair:1)
  2 porcupines
  A black bear (D:8)
  3 orc warriors
  A hornet zombie (D:7)
  An ice beast (D:7)
  2 sky beasts
  A phantom (D:6)
  12 ogres
  4 centaurs
  Blork the orc (D:4)
  A big kobold (D:9)
  3 crocodiles (Lair:1)
  2 gnoll sergeants (D:10)
  9 bullfrogs
  Dowan (D:7)
  5 scorpions
  4 wights (D:6)
  6 howler monkeys
  A centaur zombie (D:7)
  A bullfrog zombie (D:6)
  4 hounds
  An orc priest (D:7)
  5 orc wizards
  Crazy Yiuf (D:7)
  2 jellies (Lair:1)
  2 bullfrog skeletons
  Jessica (D:3)
  Terence (D:3)
  3 iguanas
  7 worker ants
  A hound skeleton (D:6)
  9 gnolls
  A howler monkey skeleton (D:4)
  15 adders
  A shadow imp (D:10)
  An ooze (D:5)
  2 adder skeletons
  2 worms
  6 leopard geckos
  17 orcs
  2 giant cockroaches
  9 goblins
  4 hobgoblins
  11 jackals
  3 quokkas
  A ball python (D:1)
  5 bats
  4 frilled lizards
  4 kobolds
  A leopard gecko skeleton (D:4)
  9 rats
  A fungus (D:7)
  A plant (D:8)
234 creatures vanquished.

Vanquished Creatures (others)
  Duvessa (D:7)
  A plant (D:8)
2 creatures vanquished.

Grand Total: 236 creatures vanquished

Notes
Turn   | Place    | Note
-------+----------+-------------------------------------------
     0 | D:1      | nxcturne the Deep Dwarf Fighter began the quest for the
                  | Orb.
     0 | D:1      | Reached XP level 1. HP: 20/20 MP: 1/1
   259 | D:1      | Reached XP level 2. HP: 22/27 MP: 2/2
   785 | D:2      | Reached XP level 3. HP: 17/34 MP: 3/3
  1120 | D:2      | Reached XP level 4. HP: 42/42 MP: 4/4
  1254 | D:3      | Noticed Grinder
  1272 | D:3      | Killed Grinder
  1272 | D:3      | Reached skill level 1 in Dodging
  1272 | D:3      | Reached skill level 4 in Shields
  1272 | D:3      | Reached XP level 5. HP: 49/49 MP: 5/5
  1294 | D:3      | Reached XP level 6. HP: 56/56 MP: 6/6
  1674 | D:3      | Noticed Terence
  1677 | D:3      | Noticed Jessica
  1700 | D:3      | Killed Terence
  1723 | D:3      | Killed Jessica
  1934 | D:4      | Noticed Blork the orc
  1940 | D:4      | Reached skill level 1 in Maces & Flails
  1978 | D:4      | Killed Blork the orc
  1993 | D:4      | Reached XP level 7. HP: 37/63 MP: 5/5
  2151 | D:4      | Reached skill level 5 in Armour
  2205 | D:4      | Gained mutation: You evolve. [potion of mutation]
  2205 | D:4      | Gained mutation: You have a pair of small horns on your
                  | head. [potion of mutation]
  2257 | D:4      | Lost mutation: You evolve. [end of evolution]
  2260 | D:4      | Found the +3 robe of Clouds {+Thunder rCloud rElec}
  2653 | D:5      | Entered Level 5 of the Dungeon
  2735 | D:5      | Found a staircase to the Ecumenical Temple.
  3210 | D:5      | Reached skill level 5 in Shields
  3210 | D:5      | Reached XP level 8. HP: 55/72 MP: 5/5
  3363 | D:6      | Found a blossoming altar of Fedhas.
  3560 | D:6      | Reached skill level 5 in Maces & Flails
  4056 | D:6      | Found a stormy altar of Qazlal.
  4079 | D:6      | Became a worshipper of Qazlal Stormbringer
  4261 | D:6      | Reached skill level 1 in Stealth
  4405 | D:7      | Found Caagih's General Store.
  4422 | D:7      | Reached skill level 6 in Shields
  4472 | D:7      | Found Dihyecku's Weapon Shoppe.
  4474 | D:7      | Noticed a deep elf mage
  4514 | D:7      | Gained mutation: You passively map the area around you.
                  | [Deep Dwarf growth]
  4514 | D:7      | Reached XP level 9. HP: 54/80 MP: 5/5
  4545 | D:7      | Killed a deep elf mage
  4659 | D:7      | Reached skill level 5 in Fighting
  4798 | D:7      | Found Sunim's Weapon Shop.
  4814 | D:7      | Found Cukib's Jewellery Shop.
  4854 | D:7      | Bought a potion of curing for 36 gold pieces
  4854 | D:7      | Bought a potion of agility for 48 gold pieces
  4854 | D:7      | Bought a scroll of enchant weapon for 90 gold pieces
  4890 | D:7      | Found Lefuopti's Gadget Shoppe.
  4891 | D:7      | Noticed Duvessa
  4892 | D:7      | Noticed Dowan
  4936 | D:7      | Killed Duvessa
  4936 | D:7      | Reached skill level 7 in Shields
  4952 | D:7      | Killed Dowan
  5202 | D:7      | Reached * piety under Qazlal
  5264 | D:7      | Found a runed translucent door.
  5265 | D:7      | Noticed Crazy Yiuf
  5297 | D:7      | Killed Crazy Yiuf
  5651 | D:8      | Reached skill level 8 in Shields
  5794 | D:8      | Noticed Prince Ribbit
  5797 | D:8      | Reached XP level 10. HP: 43/88 MP: 5/5
  5818 | D:8      | Killed Prince Ribbit
  5967 | D:8      | Found a staircase to the Lair.
  6131 | Lair:1   | Entered Level 1 of the Lair of Beasts
  6131 | Lair:1   | Noticed a black mamba
  6719 | D:9      | Noticed an unseen horror
  6736 | D:9      | Killed an unseen horror
  6736 | D:9      | Reached skill level 5 in Dodging
  7044 | D:10     | Entered Level 10 of the Dungeon
  7073 | D:10     | Found a staircase to the Orcish Mines.
  7145 | D:9      | Reached skill level 9 in Shields
  7212 | D:9      | Reached ** piety under Qazlal
  7539 | D:10     | Noticed a sun demon
  7577 | D:10     | Noticed a sixfirhy
  7586 | D:10     | Noticed a smoke demon
  7594 | D:10     | Reached skill level 10 in Shields
  7594 | D:10     | Reached XP level 11. HP: 50/99 MP: 0/4
  7648 | D:10     | Reached XP level 12. HP: 98/106 MP: 5/5
  7837 | D:10     | Noticed Fannar
  7986 | D:8      | Reached skill level 10 in Maces & Flails
  8134 | Lair:1   | Noticed a four-headed hydra
  8143 | Lair:1   | Killed a four-headed hydra
  8143 | Lair:1   | Reached skill level 11 in Shields
  8366 | Lair:1   | Found a runed translucent gate.
  8433 | Lair:1   | Found a runed translucent gate.
  8433 | Lair:1   | Found a runed translucent gate.
  8434 | Lair:1   | Noticed Name63's ghost (novice GnWn)
  8435 | Lair:1   | Found a viscous altar of Jiyva.
  8538 | Lair:1   | HP: 5/109 [poisoned by Name63's ghost]
  8636 | Lair:1   | Killed Name63's ghost
  9216 | D:8      | Noticed a two-headed ogre
 10311 | D:$      | Got out of the dungeon alive.

Skill      XL: |  1  2  3  4  5  6  7  8  9 10 11 12 |
---------------+-------------------------------------+-----
Fighting       | 3 4 5 6 7 |  7.3
Long Blades    | 3 4 |  4.3
Armour         | 4 5 6 7 9 |  9.6
Dodging        | 1 2 3 4 6 7 |  7.1
Shields        | 4 5 6 8 10 11 | 11.4
Maces & Flails | 2 3 5 7 9 10 | 10.6
Stealth        | 1 2 4 |  4.5
Invocations    | 4 |  4.1
Evocations     | 3 |  3.5

Action                   |  1- 3 |  4- 6 |  7- 9 | 10-12 || total
-------------------------+-------+-------+-------+-------++-------
Melee: Long sword        |    89 |   119 |       |       ||   208
       Mace              |       |    98 |   520 |   513 ||  1131
       Headbutt          |       |       |   116 |   152 ||   268
Invok: Upheaval          |       |       |       |     1 ||     1
 Abil: Heal Wounds       |     1 |     8 |     9 |    31 ||    49
Evoke: Wand              |       |       |       |     2 ||     2
  Use: Potion            |       |       |    12 |    12 ||    24
       Scroll            |       |       |    13 |     6 ||    19
  Eat: Chunk             |     1 |     3 |     8 |     8 ||    20
       Ration            |       |       |     3 |     1 ||     4
Armor: Scale mail        |    45 |    66 |   205 |   108 ||   424
Dodge: Dodged            |    38 |    70 |   187 |   165 ||   460
       Deflected         |       |       |     5 |     1 ||     6
Block: Shield            |    53 |    92 |   344 |   410 ||   899
       Rpst.: Long sword |     3 |    12 |       |       ||    15
